 Dungeon Crawl Stone Soup version 0.28.0-1-gb440e238dd (webtiles) character file.

Game seed: 17156237322421906172

256 Hasart the Insei (level 6, -1/39 HPs)
             Began as an Octopode Transmuter on Feb 21, 2022.
             Slain by a gnoll (4 damage)
             ... on level 4 of the Dungeon.
             The game lasted 00:06:00 (3975 turns).

Hasart the Insei (Octopode Transmuter)              Turns: 3975, Time: 00:06:01

Health: -1/39      AC:  1    Str:  9    XL:     6   Next: 16%
Magic:  9/10       EV: 13    Int: 18    God:
Gold:   88         SH:  0    Dex: 12    Spells: 0/10 levels left

rFire   . . .      SeeInvis .     - Unarmed
rCold   . . .      Faith    .   (no shield)
rNeg    . . .      Spirit   .   (helmet restricted)
rPois   .          Reflect  .   (no amulet)
rElec   .          Harm     .   (no ring)
rCorr   .          Rampage  .   (no ring)
Will    .....                   (no ring)
Stlth   +.........              (no ring)
HPRegen 0.13/turn               (no ring)
MPRegen 0.12/turn               (no ring)
                                (no ring)
                                (no ring)

@: lit by a corona, glowing
A: almost no armour, amphibious, 8 rings, camouflage 1, gelatinous body 1,
(nimble swimmer 1), tentacles
a: no special abilities


You were on level 4 of the Dungeon.
You visited 1 branch of the dungeon, and saw 4 of its levels.

You collected 88 gold pieces.

Inventory:

Scrolls
 a - a scroll of amnesia {unknown}
 b - a scroll of vulnerability {unknown}
 e - a scroll of noise {unknown}
 i - a scroll of immolation {unknown}
 j - a scroll of identify {unknown}
 k - a scroll of torment {unknown}
Potions
 c - 2 potions of might {unknown}
 d - 3 potions of invisibility {unknown}
 f - a potion of degeneration {unknown}
 g - 2 potions of magic {unknown}
 h - 3 potions of flight {unknown}
 l - a potion of mutation {unknown}


   Skills:
 + Level 2.2 Fighting
 + Level 2.9 Dodging
 * Level 4.3 Unarmed Combat
 + Level 2.7 Spellcasting
 * Level 3.4 Transmutations
 + Level 0.1 Ice Magic
 + Level 1.6 Poison Magic


You couldn't memorise any spells.
You knew the following spells:

 Your Spells              Type           Power      Damage    Failure   Level
a - Beastly Appendage     Tmut           28%        N/A       4%          1
b - Wereblood             Tmut           14%        N/A       6%          2
c - Spider Form           Tmut/Pois      11%        N/A       19%         3
d - Ice Form              Ice/Tmut       8%         N/A       63%         4

Your spell library contained the following spells:

 Spells                   Type           Power      Damage    Failure   Level
 Blade Hands              Tmut           7%         N/A       75%         5
 Irradiate                Conj/Tmut      4%         3d15      93%         5
 Freezing Cloud           Conj/Ice/Air   1%         6-21      99%         5
 Simulacrum               Ice/Necr       1%         N/A       100%        6
 Dragon Form              Tmut           7%         N/A       100%        7
 Polar Vortex             Ice            1%         N/A       100%        9


Dungeon Overview and Level Annotations

Branches:
Dungeon (4/15)
 Temple: D:4-7

Altars:

Portals:
Abyss: D:3

Annotations:
D:3 2 transporters, r33k's ghost, amateur MiBe


Innate Abilities, Weirdness & Mutations

You cannot wear most types of armour.
You are amphibious.
You can wear up to eight rings at the same time.
Your skin changes colour to match your surroundings (Stealth+).
Your rubbery body absorbs attacks. (AC +1, EV +1)
((You are camouflaged when in or above water. (Stealth+)))
You have tentacles for arms and can constrict up to eight enemies at once.


Message History

The floor.
Your transformation is almost over.
A gnoll comes into view. It is wielding a +0 spear.
You hit the gnoll shaman but do no damage.
The gnoll shaman is poisoned.
The gnoll shaman misses you.
The gnoll hits you from afar with a +1 vorpal spear.
You hit the gnoll shaman.
The gnoll shaman looks even sicker.
The gnoll shaman is lightly wounded.
The gnoll shaman hits you with a +0 whip!
The gnoll completely misses you.
You barely miss the gnoll shaman.
The gnoll shaman is moderately wounded.
The gnoll shaman calls upon its god to speed up the gnoll.
The gnoll seems to speed up.
The gnoll hits you from afar with a +1 vorpal spear.
You hit the gnoll shaman.
The gnoll shaman looks as sick as possible!
The gnoll shaman is heavily wounded.
The gnoll closely misses you. The gnoll shaman barely misses you.
The gnoll shaman mumbles some strange prayers to its god.
The gnoll shaman is healed somewhat.
The gnoll shaman invokes the aid of its god against you.
You are outlined in light.
The gnoll shaman prays to its god.
The gnoll shaman is healed somewhat.
Your transformation has ended.
Your primal bloodlust is almost over.
You feel a bit more experienced.
You howl as the wereblood boils in your veins!
There is an open door here.
Your primal bloodlust has ended.
The gnoll hits you from afar with a +1 vorpal spear.
* * * LOW HITPOINT WARNING * * *
The gnoll barely misses you.
The gnoll hits you from afar with a +1 vorpal spear.
* * * LOW HITPOINT WARNING * * *
x2 The gnoll hits you from afar with a +1 vorpal spear.
* * * LOW HITPOINT WARNING * * *
x2 The gnoll hits you from afar with a +1 vorpal spear.
You die...

####.########.......#..#
.....##................#
.(....'................#
#.#####...g.......#.#..####
#.# #..............(.....
..# ######................
..# #..##..#.#....... ..#
##..g..........##. ..#
........#@.#.#[<..# . ..#
#####...#.........##. ..#
................. ###
##########....#.###.#
#.........>....#
#........#####.#
#####........#.#
#..............#
..####...###...#


You could see 2 gnolls.

Vanquished Creatures
  A howler monkey (D:3)
  A hound (D:4)
  A gnoll shaman (D:4)
  An iguana (D:4)
  8 adders
  A dart slug (D:4)
  6 ball pythons
  8 endoplasms
  5 giant cockroaches
  4 goblins
  7 hobgoblins
  3 jackals (D:3)
  5 bats
  3 frilled lizards
  4 kobolds
  2 rats
60 creatures vanquished.

Notes
Turn   | Place    | Note
-------+----------+-------------------------------------------
     0 | D:1      | Hasart the Octopode Transmuter began the quest for the Orb.
     0 | D:1      | Reached XP level 1. HP: 13/13 MP: 3/3
   152 | D:1      | Reached XP level 2. HP: 18/18 MP: 5/5
   334 | D:1      | Learned a level 2 spell: Wereblood
   961 | D:2      | Reached XP level 3. HP: 22/23 MP: 6/6
   965 | D:2      | Learned a level 3 spell: Spider Form
  1804 | D:2      | Reached XP level 4. HP: 24/28 MP: 5/7
  2285 | D:3      | Reached XP level 5. HP: 14/34 MP: 4/8
  2844 | D:3      | Noticed a small abomination
  2872 | D:3      | Found a transporter.
  2884 | D:3      | Found a one-way gate to the infinite horrors of the Abyss.
  2884 | D:3      | Noticed r33k's ghost (amateur MiBe)
  2886 | D:3      | Noticed a kobold brigand
  2886 | D:3      | Noticed a small abomination
  2890 | D:3      | Found a transporter.
  2900 | D:3      | Reached skill level 1 in Poison Magic
  3010 | D:3      | Noticed a small abomination
  3169 | D:3      | Reached skill level 4 in Unarmed Combat
  3246 | D:3      | Found a faded altar of an unknown god.
  3594 | D:4      | Reached XP level 6. HP: 16/39 MP: 7/10
  3814 | D:4      | Learned a level 4 spell: Ice Form
  3975 | D:4      | Slain by a gnoll

Illustrated notes

Levels and vault maps discovered:
D:1:      psy_arrival_dodecagon, layout_basic
D:2:      layout_basic
D:3:      layout_basic, ebering_ecumenical_altar_mist,
          gammafunk_ghost_abyssal_escape
D:4:      layout_basic, chequers_temple_overflow_statue_of_worship,
          kennysheep_cross_bottleneck

Skill      XL: |  1  2  3  4  5 |
---------------+----------------+-----
Transmutations | 3 |  3.4
Poison Magic   | 1 |  1.6
Unarmed Combat | 4 |  4.3
Fighting       | 2 |  2.2
Dodging        | |  2.9
Spellcasting   | |  2.7
Ice Magic      | |  0.1

Action                   |  1- 3 |  4- 6 || total
-------------------------+-------+-------++-------
Melee: Unarmed           |    78 |    81 ||   159
       Constrict         |    17 |    20 ||    37
       Tentacles         |    12 |    14 ||    26
       Punch             |     2 |     6 ||     8
       Kick              |     1 |     5 ||     6
 Cast: Wereblood         |     1 |     2 ||     3
       Beastly Appendage |     1 |     6 ||     7
       Spider Form       |       |     2 ||     2
 Stab: Sleeping          |    13 |     7 ||    20
Armor: Skin              |     5 |     3 ||     8
Dodge: Dodged            |    60 |    48 ||   108
